[Event "34th MPL National U14-ch 2022"]
[Site "Ahmedabad"]
[Date "2022.05.09"]
[Round "1.1"]
[White "Kadam Om Manish"]
[Black "Divesh G"]
[Result "1-0"]
[ECO "B10"]
[WhiteElo "2144"]
[BlackElo "1303"]
[Annotator "TA"]
[PlyCount "83"]
[EventDate "2022.05.09"]
[EventType "swiss"]
[EventCountry "IND"]
[SourceTitle "playchess.com"]
[Source "ChessBase"]
[SourceQuality "1"]
[TimeControl "5400+30"]

1. e4 c6 2. c4 d5 3. exd5 cxd5 4. cxd5 Nf6 5. Nc3 Nxd5 6. Nf3 g6 {[%emt 0:02:34] B10: Caro-Kann: 2 d3 and 2 c4.} 7. Qb3 Nb6 8. Bb5+ Bd7 {[%emt 0:00:32] [#] The position is equal.} 9. Bxd7+ $146 (9. a4 {is more complex.} Bg7 10. a5 Nc8 11. d4) ({Predecessor:} 9. Ne5 e6 10. Ne4 Bc6 11. d3 Qd4 12. Nf6+ Ke7 13. Nfg4 Bxb5 14. Bg5+ Kd6 15. Nxf7+ {0-1 (36) Riehle,M (2336)-Svane,R (2615) Magdeburg 2021}) 9... N8xd7 10. a4 a5 11. O-O $40 {[%emt 0:01:17][%mdl 128] White has some attack.} Bg7 12. d4 O-O 13. Re1 h6 14. Ne5 {[%emt 0:02:09] [#] Hoping for Nxg6.} Nxe5 (14... e6 $1 $11 {remains equal.}) 15. dxe5 $16 {[%emt 0:00:04] Black must now prevent Be3.} Kh7 {[%emt 0:01:01] White stays focused until the end.} (15... Rc8 $14) 16. Be3 Nd7 17. Rad1 (17. Qxb7 Rb8 18. Qd5 Nxe5 $11) 17... Qc8 18. f4 {[%emt 0:01:15] 0x0.000617433337dp-1022s more active pieces.} Nc5 19. Qb5 Ne6 20. Nd5 Nc7 21. Nxc7 (21. Nxe7 $6 Nxb5 22. Nxc8 Raxc8) 21... Qxc7 22. Rd7 Qc2 23. Rxe7 Rad8 24. h3 (24. Qxb7 Rb8 25. Qc7 Qe4) (24. Qxa5 Rd1 25. Bf2 (25. Rxb7 $2 Rfd8 $19) 25... Rfd8 $11) 24... Rd1 (24... b6 $142 25. Ra7 (25. Bxb6 Rd2 $16) (25. Qxb6 Qxa4 26. b3 Qb4 $18) 25... Rb8) 25. Rxd1 $18 ({Not} 25. Qxa5 $2 {[#]} Ra8 $3 26. Qxa8 (26. Qb4 $2 Rxa4 27. Qc3 Qxc3 $19) 26... Rxe1+ 27. Kh2 Rxe3 $19) 25... Qxd1+ 26. Kh2 Qe1 27. Qb3 ({And not} 27. Qxb7 Qxe3 28. Rxf7 Kh8 $11) 27... h5 28. Qc3 ({Don't do} 28. Rxb7 h4 29. Qd3 Bh6 $18) 28... Qf1 29. Qxa5 h4 30. Qd2 Bh6 31. e6 Qc4 32. a5 Kg8 33. exf7+ Rxf7 34. Qd8+ Kh7 35. Rxf7+ Qxf7 36. Qxh4 {[%emt 0:00:03][%cal Of4f5][%mdl 4096] Endgame Threatens to win with f5! KQB-KQB} Qe6 37. Bd4 Qe4 38. Be5 {[%emt 0:00:20] White wants to mate with Qe7+.} g5 39. Qg4 {[%emt 0:00:05] White threatens Qd7+ and mate.} gxf4 40. Qd7+ {[%emt 0:00:11] White mates.} Kg6 41. Qe6+ Kh5 42. Qg4# {[%emt 0:00:04] Weighted Error Value: White=0.13 (very precise) /Black=0.41} 1-0

[Event "34th MPL National U14-ch 2022"]
[Site "Ahmedabad"]
[Date "2022.05.09"]
[Round "1.2"]
[White "Medhvansh Madeti"]
[Black "Md Imran"]
[Result "0-1"]
[ECO "B23"]
[WhiteElo "1302"]
[BlackElo "2122"]
[Annotator "TA"]
[PlyCount "118"]
[EventDate "2022.05.09"]
[EventType "swiss"]
[EventCountry "IND"]
[SourceTitle "playchess.com"]
[Source "ChessBase"]
[SourceQuality "1"]
[TimeControl "5400+30"]

1. e4 c5 2. Nc3 Nc6 3. f4 e6 4. Nf3 Nge7 5. Be2 d5 6. e5 {[%emt 0:01:29] B23: Closed Sicilian: Lines without g3.} Nf5 7. O-O h5 8. Bd3 {[%emt 0:02:06] The position is equal.} Nce7 9. b3 {[%emt 0:01:18] Against c4} h4 10. Ba3 Qa5 11. Qc1 Bd7 12. Rb1 {[%emt 0:02:58] [#]} Qc7 $146 ({Predecessor:} 12... b5 13. Bxc5 b4 14. Bxe7 Qb6+ 15. Rf2 Bxe7 16. Bxf5 bxc3 17. Bh3 cxd2 18. Qxd2 Bc5 {½-½ (78) Kutlu,S (1824)-Erkole,M (1619) Konya 2017}) 13. Nb5 (13. Qe1 $11) 13... Qb6 $17 {[%emt 0:00:33] [#] White must now prevent ...c4+.} 14. Nd6+ Nxd6 15. exd6 Nc6 (15... Qxd6 16. Qe1 $15) 16. c4 Bxd6 17. Kh1 (17. Qb2 $17) 17... Nb4 (17... O-O-O $19 18. Be2 Kb8) 18. Bxb4 cxb4 19. Qb2 ({Better is} 19. cxd5 exd5 20. Qe1+ Kf8 21. Ne5) 19... h3 20. Qxg7 (20. g3 $17) 20... hxg2+ $19 21. Kxg2 O-O-O 22. Ng5 $2 (22. c5 Rdg8 23. cxb6 Rxg7+ 24. Kh1) 22... dxc4 23. Bxc4 Rdg8 24. Qf6 Bc6+ 25. Kg3 Qc5 26. h4 Be7 {[%emt 0:00:02] A strong pair of Bishops.} (26... b5 27. d4 Qb6 28. Be2 $17) 27. Qxf7 Bxg5 28. Bxe6+ Kb8 29. hxg5 {[%emt 0:03:58] [#] Strongly threatening Qf5.} Rd8 $2 (29... Qd4 $19 {( -> ...Qd3+)} 30. Qxg8+ Rxg8 31. Bxg8 Qd3+ 32. Kh4 Bg2) 30. Qf5 $11 Rxd2 $40 {[%emt 0:02:00][%csl Gc6][%cal Rd2g2][%mdl 128] Black has some attack.} 31. Qe5+ (31. Qxc5 $2 Rg2#) 31... Qxe5 {[%emt 0:00:06] Chess con chili.} 32. fxe5 Rg2+ 33. Kf4 Rf8+ 34. Ke3 Rg3+ 35. Ke2 $2 {[%emt 0:04:56] Black continues to play with concentration.} (35. Kd4 $11 {and White has nothing to worry.} Re8 36. Rf6) 35... Re8 $19 36. Bc4 Rxe5+ (36... b5 $19 37. Bf7 (37. Rf6 $2 Rxe5+ 38. Kf2 Rg2+ 39. Kf1 bxc4 $19) 37... Rxe5+ 38. Kd2 Rg2+ 39. Kd3 Rg3+ 40. Kd2 Rg2+ 41. Kd3 Rexg5) 37. Kd2 (37. Kd1 $17) 37... Rg2+ ({And not} 37... Rexg5 38. Rf2 $17) 38. Kd3 Rexg5 39. Rf8+ (39. Rbe1 $142) 39... Kc7 40. Re1 Rxa2 41. Rf7+ Kb6 42. Rf6 a5 {[%emt 0:00:11] Hoping for ...a4.} 43. Re7 (43. Ref1 $142) 43... Rg3+ 44. Re3 Rgg2 45. Kd4 Rad2+ 46. Ke5 Rg5+ 47. Kf4 Rc5 48. Rfe6 (48. Be2 $142 Rd4+ 49. Kg3) 48... a4 {[%emt 0:00:13][%cal Ba5a4,Ba4a3,Ba3a2][%mdl 32] ...Rd4+ is the strong threat.} 49. R3e5 a3 50. Rxc5 Kxc5 {[%emt 0:00:05][%mdl 4096] Endgame KRB-KRB} 51. Re5+ Kd4 52. Re1 a2 {[%emt 0:00:02] aiming for ...Kc3.} 53. Rc1 Be4 54. Bd3 {[%emt 0:00:38] Inhibits Bb1.} Bxd3 {[%emt 0:00:08] Black mates.} 55. Ra1 Bb1 56. Kf3 Kc3 57. Ke3 Rd3+ 58. Ke2 Kb2 59. Rxa2+ Kxa2 {[%emt 0:00:09] Weighted Error Value: White=0.75/Black=0.37} 0-1

[Event "34th MPL National U14-ch 2022"]
[Site "Ahmedabad"]
[Date "2022.05.09"]
[Round "1.3"]
[White "Ilamparthi A R"]
[Black "Pranay Akula"]
[Result "1-0"]
[ECO "D78"]
[WhiteElo "2121"]
[BlackElo "1300"]
[Annotator "TA"]
[PlyCount "119"]
[EventDate "2022.05.09"]
[EventType "swiss"]
[EventCountry "IND"]
[SourceTitle "playchess.com"]
[Source "ChessBase"]
[SourceQuality "1"]
[TimeControl "5400+30"]

1. Nf3 Nf6 2. g3 g6 3. c4 c6 4. Bg2 Bg7 5. O-O O-O 6. Nc3 d5 7. d4 Nbd7 8. b3 b6 {[%emt 0:34:05] D78: Fianchetto Grünfeld: 6 0-0 c6.} 9. Bb2 Bb7 10. Qc2 Rc8 {[%emt 0:02:36] White is slightly better.} 11. e4 Nxe4 12. Nxe4 dxe4 13. Qxe4 e6 14. Rad1 Qc7 15. Qe2 Rfe8 16. Rfe1 {[%emt 0:07:14] [#]} a5 $146 ({Predecessor:} 16... Rcd8 17. h4 Qc8 18. Qc2 c5 19. dxc5 Bxb2 20. Qxb2 Bxf3 21. Bxf3 Qxc5 22. h5 Nb8 {1-0 (53) Donchenko,A (2607)-Zysk,R (2404) Germany 2018}) 17. h4 Rcd8 18. h5 Nf6 19. hxg6 hxg6 20. c5 Nd5 21. Ng5 (21. Ne5 $14) 21... bxc5 $1 $11 22. dxc5 Nc3 (22... Ba6 $5 23. Qxa6 Bxb2 $11) 23. Bxc3 Bxc3 24. Rf1 Bd4 25. Ne4 f5 $2 {[%emt 0:01:16][%mdl 8192] This costs Black the game.} ({Black should play} 25... Re7 $14) 26. Rxd4 $18 Rxd4 $2 (26... fxe4 27. Qxe4 Qf7) 27. Nf6+ Kf7 28. Nxe8 Kxe8 29. Qxe6+ Qe7 30. Qxg6+ Kd8 (30... Kd7 $142 31. Qxf5+ Kc7) 31. Bxc6 Rg4 32. Rd1+ Kc7 33. Qd6+ Qxd6 34. cxd6+ Kxc6 {[%emt 0:00:30][%mdl 4096] Endgame KRB-KR} 35. d7 Rg8 36. d8=Q Rxd8 37. Rxd8 {[%emt 0:00:05] KR-KB} Kc5 38. a3 {[%emt 0:00:16] [#] Hoping for Kf1.} Be4 39. Kf1 {[%emt 0:00:11] aiming for Ke2.} Kb5 40. Ke2 Bc2 41. b4 a4 42. Kd2 Be4 43. Kc3 {[%emt 0:00:11] [#] Re8 would kill now.} Bf3 44. Rf8 {[%emt 0:00:04] White mates.} Be4 45. f3 Bb1 46. g4 fxg4 47. fxg4 Be4 48. g5 Bb1 49. Rb8+ Ka6 50. b5+ Ka5 51. b6 Be4 52. Kd4 Bb1 53. Kc5 Be4 54. g6 Ka6 55. g7 Bh7 56. Ra8+ Kb7 57. g8=Q Bxg8 58. Rxg8 Ka6 59. Rg7 Ka5 60. Ra7# {[%emt 0:00:05] Weighted Error Value: White=0.14 (very precise) /Black=0.57} 1-0

[Event "34th MPL National U14-ch 2022"]
[Site "Ahmedabad"]
[Date "2022.05.09"]
[Round "1.4"]
[White "Kavin Oviyan R"]
[Black "Daakshin Arun"]
[Result "0-1"]
[ECO "D04"]
[WhiteElo "1299"]
[BlackElo "2016"]
[Annotator "TA"]
[PlyCount "48"]
[EventDate "2022.05.09"]
[EventType "swiss"]
[EventCountry "IND"]
[SourceTitle "playchess.com"]
[Source "ChessBase"]
[SourceQuality "1"]
[TimeControl "5400+30"]

1. Nf3 Nf6 2. d4 g6 3. Nbd2 d5 4. b3 Bg7 5. Bb2 O-O 6. e3 Nbd7 7. Bd3 c5 8. O-O b6 9. c4 Bb7 10. Qe2 {[%emt 0:02:58] D04: Colle System.} Re8 {[%emt 0:02:39] [#]} 11. e4 $146 (11. Rad1 $11) ({Predecessor:} 11. Ne5 Nxe5 12. dxe5 Ne4 13. Rad1 Nxd2 14. Rxd2 e6 15. Rfd1 Qc7 16. f4 Rad8 17. Qf1 dxc4 18. Bxc4 Rxd2 19. Rxd2 {1-0 (102) Wlodarski,M (1932)-Choroszej,A (2078) Mrzezyno 2011}) 11... dxe4 $15 12. Nxe4 {[%emt 0:01:03] Black is slightly better.} cxd4 (12... Nh5 $5 13. Qe3 f5 $15) 13. Bxd4 e5 14. Bb2 Nh5 {[%emt 0:03:50] White must now prevent ...Nf4.} 15. Bc2 ({Much worse is} 15. Nd6 Nf4 16. Qd1 Nxd3 17. Qxd3 e4 18. Nxb7 exd3 $17) (15. Rad1 $11 {keeps the balance.}) 15... Qc7 ({Better is} 15... Qe7 $17 {Strongly threatening ...f5.} 16. Rfd1 f5) 16. Rad1 $11 f5 (16... Bf8 $11) 17. Nc3 $2 (17. Nd6 $14 {keeps the upper hand.}) 17... Nf4 $1 $36 {[%emt 0:04:53][%mdl 2048] Black has strong initiative.} 18. Qe3 Bh6 {[%emt 0:01:36][%cal Of4h3] aiming for ...Nh3+!} 19. Nb5 {[%emt 0:00:19] [#]} (19. Ne1 $17) 19... Qd8 $1 $19 20. Ne1 {[%emt 0:07:18] [#]} Qg5 $1 21. Rxd7 $2 (21. Bc1 Bxg2 22. Qg3 Bxf1 23. Kxf1) 21... Bxg2 {[%emt 0:00:13] ( -> ...Bc6+). Black is clearly winning.} 22. Qg3 {[%emt 0:00:36] Hoping for Qxg5.} Bc6 23. h4 Ne2+ {[%emt 0:00:21][%mdl 64] Pin, Double Attack} ({Less strong is} 23... Bxd7 24. hxg5 Ne2+ 25. Kh2 Nxg3 26. Kxg3 Bxb5 27. gxh6 $16) 24. Kh2 Qh5 {[%emt 0:01:28] Weighted Error Value: White=1.13/Black=0.18 (very precise)} 0-1

[Event "34th MPL National U14-ch 2022"]
[Site "Ahmedabad"]
[Date "2022.05.09"]
[Round "1.5"]
[White "Mayank Chakraborty"]
[Black "Abbas Soni"]
[Result "1-0"]
[ECO "B23"]
[WhiteElo "2015"]
[BlackElo "1295"]
[Annotator "TA"]
[PlyCount "49"]
[EventDate "2022.05.09"]
[EventType "swiss"]
[EventCountry "IND"]
[SourceTitle "playchess.com"]
[Source "ChessBase"]
[SourceQuality "1"]
[TimeControl "5400+30"]

1. e4 c5 2. Nc3 d6 3. f4 Nc6 4. Nf3 g6 5. Bb5 Bd7 6. O-O Bg7 7. d3 e6 8. f5 exf5 {[%emt 0:07:07] B23: Closed Sicilian: Lines without g3.} 9. Bg5 {[%emt 0:03:46] [#]} Bf6 $146 (9... Nce7 $11) ({Predecessor:} 9... Nce7 10. Bxd7+ Qxd7 11. exf5 f6 12. Bf4 gxf5 13. Nh4 h5 14. Qf3 O-O-O 15. a4 a6 16. Rad1 {1-0 (35) Svanda,O (2061)-Novotny,J (1933) Klatovy 2017}) 10. Bf4 Ne5 {[%emt 0:06:56] [#]} (10... Nd4 $11 11. Bxd7+ Qxd7) 11. exf5 (11. Bxd7+ $1 $16 Qxd7 12. exf5) 11... Bxb5 $14 12. Nxb5 Ne7 13. d4 cxd4 14. fxg6 (14. Nbxd4 Qb6 15. c3 O-O $11) (14. Nfxd4 $14 Qb6 15. Kh1) 14... N7xg6 (14... hxg6 $11 {remains equal.} 15. Qe2 Rh5 16. Nfxd4 a6) 15. Nfxd4 $16 {[%emt 0:00:00] And now Be3 would win.} O-O (15... Nxf4 $16 {was worth a try.} 16. Rxf4 O-O) 16. Bh6 $18 Re8 17. Kh1 Be7 (17... d5 $142 18. Qh5 Nc4) 18. Nf5 Qb6 19. Qd5 ({Wrong is} 19. Nfxd6 $2 Rad8 20. Bg5 Bxg5 $19) ({Inferior is} 19. Nbxd6 Red8 $14) 19... Qc6 (19... Rac8 {was called for.} 20. Be3 (20. Nfxd6 Rc5 $15) 20... Qc6) 20. Qxc6 bxc6 21. Nc7 Rac8 22. Nxe8 Rxe8 23. Rad1 d5 24. Be3 Nc4 $2 {[%emt 0:00:54] [#]} (24... Bf8 25. Bxa7 Ra8) 25. Nh6+ {[%emt 0:00:00] Weighted Error Value: White=0.23 (precise) /Black=0.51} 1-0

[Event "34th MPL National U14-ch 2022"]
[Site "Ahmedabad"]
[Date "2022.05.09"]
[Round "1.6"]
[White "Neev Hemish Shah"]
[Black "Shaik Sumer Arsh"]
[Result "0-1"]
[ECO "E55"]
[WhiteElo "1289"]
[BlackElo "1999"]
[Annotator "TA"]
[PlyCount "50"]
[EventDate "2022.05.09"]
[EventType "swiss"]
[EventCountry "IND"]
[SourceTitle "playchess.com"]
[Source "ChessBase"]
[SourceQuality "1"]
[TimeControl "5400+30"]

1. d4 Nf6 2. c4 e6 3. Nc3 Bb4 4. e3 O-O 5. Bd3 d5 6. Nf3 dxc4 7. Bxc4 c5 8. O-O cxd4 9. exd4 b6 10. a3 Bxc3 11. bxc3 Qc7 12. Qe2 Nbd7 {[%emt 0:03:01][%cal Bb8d7,Bd7e5,Be5c4,Bc4d2][%mdl 32] is the legacy move (12...Bb7).} 13. Bd2 Bb7 14. Bd3 $1 {[%emt 0:00:24] E55: Nimzo-Indian: Rubinstein: Main Line: 7...dxc4 8 Bxc4 Nbd7.} Rfe8 15. Rfe1 {[%emt 0:00:47] [#]} Bxf3 $146 ({Predecessor:} 15... h6 16. a4 Rad8 17. Ne5 Nxe5 18. Qxe5 Qxe5 19. Rxe5 Rd5 20. Rxd5 Bxd5 21. a5 Ne4 22. Bxe4 {½-½ (22) Shen,C (2335)-Bregadze,L (2448) Charlotte 2022}) 16. Qxf3 {[%emt 0:00:59] White is slightly better.} (16. gxf3 e5 17. Qf1 Qd6 $15) 16... e5 {[%emt 0:06:08] Prevents Bf4.} 17. dxe5 (17. Bb5 $14) 17... Nxe5 $11 18. Qg3 {[%emt 0:00:25] Hoping for Bb5.} Qd7 {[%emt 0:02:20] Inhibits Bb5.} 19. Be4 {[%emt 0:13:43] [#]} ({But not} 19. Bh6 $2 Nh5 20. Bxh7+ Kxh7 $19) (19. Rxe5 $11 {and White is okay.} Rxe5 20. Qxe5 Qxd3 21. Be3) 19... Rad8 $1 $19 ({Inferior is} 19... Nxe4 20. Rxe4 Qxd2 21. Rxe5 $17) 20. Rad1 {[%emt 0:05:00] [#]} ({Wrong is} 20. Bh6 $2 Neg4 21. Bxh7+ Kxh7 $19) 20... Nxe4 (20... Ng6 $1 $19 {and Black stays clearly on top.} 21. f3 Nxe4 22. fxe4 Qa4) 21. Rxe4 $17 {[%emt 0:00:19] [#]} Nc4 22. Rd4 Qa4 $40 {[%emt 0:00:04][%mdl 128] White needs to defend precisely.} 23. Qg4 (23. Rf1 $15 Rxd4 24. Bh6) 23... Rxd4 $19 {[%emt 0:00:17] Black is clearly winning.} 24. cxd4 Nxd2 25. h3 f5 {[%emt 0:00:43] Weighted Error Value: White=1.49/Black=0.17 (very precise)} 0-1

[Event "34th MPL National U14-ch 2022"]
[Site "Ahmedabad"]
[Date "2022.05.09"]
[Round "1.7"]
[White "Sahib Singh"]
[Black "Ashwinth Michael"]
[Result "1-0"]
[ECO "B23"]
[WhiteElo "1991"]
[BlackElo "1285"]
[Annotator "TA"]
[PlyCount "107"]
[EventDate "2022.05.09"]
[EventType "swiss"]
[EventCountry "IND"]
[SourceTitle "playchess.com"]
[Source "ChessBase"]
[SourceQuality "1"]
[TimeControl "5400+30"]

1. e4 c5 2. Nc3 d6 3. f4 Nc6 4. Nf3 e6 5. g3 d5 6. d3 {[%emt 0:01:42] B23: Closed Sicilian: Lines without g3.} Nf6 7. e5 Nd7 8. Bg2 {[%emt 0:10:05] [#] The position is equal.} f5 $146 ({Predecessor:} 8... Be7 9. O-O O-O 10. a3 b6 11. Qe2 Ba6 12. f5 Nd4 13. Nxd4 cxd4 14. Nd1 Qc7 {1-0 (48) Siebarth,R (2421)-Grimberg,B (2386) Playchess.com INT 2011}) 9. O-O Be7 10. Ne2 Nb6 11. c3 O-O 12. Be3 Bd7 13. h3 Kh8 14. b3 Rb8 15. Kh2 Be8 16. d4 Nd7 17. g4 g6 18. Ng5 Bf7 (18... Bxg5 $16 19. fxg5 Bf7) 19. Nxf7+ (19. gxf5 $18 gxf5 20. Nxf7+ Rxf7 21. c4) 19... Rxf7 $16 20. c4 dxc4 21. d5 (21. bxc4 $6 Nxd4 22. g5 (22. Nxd4 cxd4 23. Bxd4 Bc5 $15) 22... Nc6 $11) 21... exd5 22. e6 ({Better is} 22. Bxd5 Rf8 23. gxf5 (23. bxc4 fxg4 24. hxg4 g5 $16) (23. Bxc4 Nb6 $14)) 22... Rf6 23. Bxd5 ({White must play} 23. exd7 $18 Re6 24. Bf2 (24. Qxd5 Rxe3 25. Bf3 Rd3 $17)) 23... Nb6 {[%emt 0:01:17] Inhibits Qxd5.} 24. bxc4 Nb4 25. Nc3 $36 {[%emt 0:00:46][%cal Be2c3,Bc3d5,Bd5f6][%mdl 2080] White has the initiative.} a6 ({Black should play} 25... N4xd5 $14 26. cxd5 Nc4) 26. g5 Rf8 27. a3 {[%emt 0:07:07] White is more active.} N4xd5 28. Nxd5 Nxc4 $2 {[%emt 0:01:37] A mistake that costs the game.} (28... Nxd5 $14 29. cxd5 Qd6) 29. Bd4+ $1 $18 cxd4 (29... Kg8 $142 30. Bc3 Qd6) 30. Qxd4+ Kg8 31. Qxc4 Re8 $2 (31... b5 {keeps fighting.} 32. Qb3 Rb7) 32. Nf6+ Kh8 {[%emt 0:00:00] [#] Hoping for ...Rc8.} 33. Rad1 Qb6 (33... Bxf6 $142 34. Rxd8 Bxd8) 34. Nxe8 Rxe8 35. Qd4+ Qxd4 36. Rxd4 Bxa3 {[%emt 0:00:10][%mdl 4096] Endgame KRR-KRB} 37. Rd3 Bc5 38. Re1 b6 39. Rd7 a5 40. Ra7 b5 41. Ra6 Bd4 42. Rb1 b4 43. Rxa5 {[%emt 0:00:16] [#] Black must now prevent Rd1.} Kg8 44. Ra6 Bc3 45. Rd1 b3 46. Ra3 Rxe6 (46... Bg7 $142 47. Rxb3 Rxe6) 47. Rd8+ Kf7 48. Rxb3 Re2+ 49. Kg3 Be1+ 50. Kf3 Re7 51. Rh8 Kg7 52. Rbb8 {[%emt 0:00:06] Rbf8 would kill now.} Bb4 53. Rbg8+ Kf7 54. Rf8+ {[%emt 0:00:07] Weighted Error Value: White=0.33/Black=0.53} 1-0

[Event "34th MPL National U14-ch 2022"]
[Site "Ahmedabad"]
[Date "2022.05.09"]
[Round "1.8"]
[White "Nithik Reddy Bhavanam"]
[Black "Ankit Ray"]
[Result "0-1"]
[ECO "D02"]
[WhiteElo "1285"]
[BlackElo "1932"]
[Annotator "TA"]
[PlyCount "126"]
[EventDate "2022.05.09"]
[EventType "swiss"]
[EventCountry "IND"]
[SourceTitle "playchess.com"]
[Source "ChessBase"]
[SourceQuality "1"]
[TimeControl "5400+30"]

1. d4 Nf6 2. Bf4 d5 3. e3 c5 4. c3 Nc6 5. Nf3 Qb6 6. Qb3 c4 7. Qxb6 axb6 8. Na3 Ra5 9. Ne5 {[%emt 0:03:48] [#] D02: 1 d4 d5 2 Nf3 sidelines, including 2...Nf6 3 g3 and 2...Nf6 3 Bf4.} Nd7 $146 ({Better is} 9... b5 $11) ({Predecessor:} 9... Bf5 10. f3 e6 11. Naxc4 dxc4 12. Nxc4 Ra6 13. Nd6+ Bxd6 14. Bxa6 Bxf4 15. Bxb7 Nd8 16. exf4 Nxb7 {0-1 (46) Bellon Lopez,J (2348)-Vocaturo,D (2622) Caleta 2020}) 10. Nxc6 ({White should try} 10. Nxd7 $14 Bxd7 11. e4) 10... bxc6 $11 11. Nc2 {[%emt 0:02:57] The position is equal.} f6 12. Be2 (12. e4 $5) 12... e5 13. Bg3 Bd6 14. O-O Ke7 (14... b5 $11) 15. b4 (15. e4 $5) 15... Ra7 16. Bg4 (16. a4 $11 {keeps the balance.}) 16... h5 $17 17. Bxd7 Bxd7 18. dxe5 fxe5 19. f4 e4 20. a3 (20. b5 $17 {was worth a try.}) 20... Rha8 (20... h4 $19 21. Be1 c5) 21. Rad1 g6 22. Bh4+ Kf7 23. Be1 (23. b5 $1 $15) 23... Be7 $19 24. Bd2 c5 25. Bc1 Ba4 26. Rf2 Ke6 27. Rdf1 Bf6 28. Bb2 Bg7 29. Ne1 cxb4 30. axb4 Rf7 31. h3 (31. g3 $17) 31... h4 32. g4 (32. Nc2 $17 {is a better defense.}) 32... hxg3 33. Rg2 g5 34. Rxg3 gxf4 {[%emt 0:00:00] Black is more active.} 35. Rg6+ {[%emt 0:00:00] [#]} (35. exf4 $17 Bc6 36. Ng2) 35... Ke7 $1 {[%emt 0:00:00] Hoping for ...f3.} 36. Rxb6 $2 (36. Ng2 {was called for.} f3 37. Nf4) 36... f3 {[%emt 0:00:00] White must now prevent ...Bd7.} 37. Ng2 Rg8 (37... fxg2 $2 38. Rb7+ Ke6 39. Rfxf7 $18) 38. Rf2 Be5 {[%emt 0:00:00] ( -> ...Rfg7). This bishop pair is nice.} 39. b5 Bd6 {[%emt 0:00:00] [#] Threatens to win with ...Rf6.} 40. Rb7+ Ke6 41. Rb6 Ke5 (41... Rfg7 $142 42. Rxd6+ Kxd6 43. Ba3+ Kd7 44. Kh1 Rxg2 45. Rxg2 Rxg2 46. Bd6 Kxd6 47. b6 Rg8 48. Kh2 f2 49. b7 f1=Q 50. b8=B+ Rxb8 51. h4 Rb2+ 52. Kg3 Qf3#) 42. Ra6 Bxb5 (42... Rfg7 $142 43. Rxa4 Rxg2+ 44. Rxg2 Rxg2+ 45. Kf1 Rxb2) 43. Ra1 Rfg7 44. Ba3 Rxg2+ 45. Rxg2 Rxg2+ 46. Kf1 Bxa3 47. Rxa3 {[%emt 0:00:04] KRB-KR} Rh2 48. Ra7 Rxh3 49. Kf2 Rh2+ 50. Kg3 Rg2+ 51. Kh3 Rg8 (51... Ke6 $142 52. Ra3 Bd7 53. Ra1 Ke5+ 54. Kh4 Rc2 55. Rh1 Rxc3 56. Kh5 Rxe3 57. Rh2 Re2 58. Rh1 Rg2 59. Kh6 e3 60. Kh7 Bf5+ 61. Kh6 f2 62. Kh5 e2 63. Kh6 e1=Q 64. Rh3 Qd2+ 65. Re3+ Qxe3+ 66. Kh5 Qh3#) 52. Rf7 Ke6 53. Rf4 Bd7 54. Kh2 Ra8 55. Rh4 Ra3 56. Kg3 Rxc3 57. Rh6+ Ke7 (57... Ke5 $142 58. Rh7 Bf5 59. Rf7 Rxe3 60. Re7+ Be6 61. Rh7 Re2 62. Rh5+ Bf5 63. Rh2 Rxh2 64. Kxh2 c3 65. Kg1 c2 66. Kf1 c1=Q+ 67. Kf2 e3+ 68. Kxf3 Qd2 69. Kg3 Qf2#) 58. Rh7+ Kd6 59. Rh4 Rxe3 (59... Rc2 $142 60. Rh6+ Kc5 61. Rh1 Rg2+ 62. Kh4 f2 63. Rf1 c3 64. Kh5 c2 65. Kh6 Rg1 66. Rxf2 c1=Q 67. Kh7 Rg4 68. Rf6 Qh1+ 69. Rh6 Bf5+ 70. Kh8 Qxh6#) 60. Rh7 c3 {[%emt 0:00:00][%cal Bc4c3,Bc3c2][%mdl 32] Black mates.} 61. Rh1 c2 62. Rc1 Re2 63. Kf4 f2 {[%emt 0:00:00] Weighted Error Value: White=0.99/Black=0.56} 0-1

[Event "34th MPL National U14-ch 2022"]
[Site "Ahmedabad"]
[Date "2022.05.09"]
[Round "1.9"]
[White "Bharadia Yash"]
[Black "Jagrut Badrishbhai Modi"]
[Result "1-0"]
[ECO "C64"]
[WhiteElo "1924"]
[BlackElo "1274"]
[Annotator "TA"]
[PlyCount "45"]
[EventDate "2022.05.09"]
[EventType "swiss"]
[EventCountry "IND"]
[SourceTitle "playchess.com"]
[Source "ChessBase"]
[SourceQuality "1"]
[TimeControl "5400+30"]

1. e4 e5 2. Nf3 Nc6 3. Bb5 Bc5 4. O-O Nge7 5. c3 O-O 6. d4 exd4 7. cxd4 Bb6 {[%emt 0:02:50] C64: Ruy Lopez: Classical Defence (3...Bc5) except 4 0-0 Nf6.} 8. d5 $1 Nb8 9. d6 cxd6 {[%emt 0:06:30][%cal Od6d5] White is slightly better.} 10. Nc3 {[%emt 0:00:15] Against d5} d5 11. Nxd5 {[%emt 0:02:48] White is more active.} Nxd5 12. Qxd5 h6 {[%emt 0:04:19] [#]} (12... d6 $16) 13. Bf4 $1 $18 {[%emt 0:02:06] [#]} Nc6 $146 (13... Bc7 $16) ({Predecessor:} 13... Bc7 14. e5 Nc6 15. Rac1 Qe7 16. Bc4 Kh8 17. a3 Bd8 18. Rfe1 Qe6 19. Qd2 Qg6 {1-0 (33) Ermolaev,A (2350)-Baticulon,N (1319) LSS email 2008}) 14. Rac1 ({White should play} 14. Bd6 $18) 14... Qf6 (14... d6 $16 {was called for.}) 15. Bd6 Re8 16. e5 Qf4 17. Rfe1 {[%emt 0:04:17][%cal Oe5e6] [#] Threatens to win with e6!} Nd4 {[%emt 0:01:06] Prevents e6.} (17... Re6 {was necessary.} 18. Bc4 a6) 18. e6 {[%emt 0:01:50] White threatens exf7+ and mate.} Qf5 (18... Nxf3+ $18 19. gxf3 Qg5+ 20. Qxg5 hxg5 21. exd7 Rxe1+ 22. Rxe1 Bxd7) 19. exf7+ {[%emt 0:00:54] White mates.} Qxf7 20. Rxe8+ Kh7 21. Qxf7 Nxb5 22. Qf5+ g6 23. Qf7# {[%emt 0:00:06] White took control after the opening.  Weighted Error Value: White=0.06 (flawless) /Black=0.85} 1-0